 Dungeon Crawl Stone Soup version 0.31-a0-198-g2ad674f65e (webtiles) character file.

Game seed: 6441507355680608876

669 qw the Skirmisher (level 7, -1/40 HPs)
             Began as a Deep Elf Hunter on June 25, 2023.
             Was an Initiate of Okawaru.
             Shot with a sling bullet by Edmund (3 damage)
             ... on level 5 of the Dungeon.
             The game lasted 00:01:27 (3763 turns).

qw the Skirmisher (Deep Elf Hunter)                 Turns: 3763, Time: 00:01:27

Health: -1/40      AC: 11    Str: 10    XL:     7   Next: 32%
Magic:  9/9        EV:  9    Int: 14    God:    Okawaru [......]
Gold:   243        SH:  0    Dex: 18    Spells: 6/6 levels left

rFire   . . .        Y - +0 shortbow
rCold   . . .        (shield currently unavailable)
rNeg    . . .        o - +0 scale mail
rPois   +            (no helmet)
rElec   .            (no cloak)
rCorr   .            p - +0 pair of gloves
SInv    .            (no boots)
Will    .....        (no amulet)
Stlth   +            j - +4 ring of protection
HPRegen 0.26/turn    i - ring of poison resistance
MPRegen 0.11/turn

%: no passive effects
@: no status effects
A: no striking features
a: Renounce Religion


You were on level 5 of the Dungeon.
You worshipped Okawaru.
Okawaru was noncommittal.
You visited 2 branches of the dungeon, and saw 6 of its levels.

You collected 243 gold pieces.


   Skills:
 - Level 2.0 Fighting
 - Level 11.1 Ranged Weapons
 - Level 1.5 Armour
 + Level 2.8 Dodging
 - Level 1.2 Stealth


You had 6 spell levels left.
You didn't know any spells.
Your spell library was empty.

Inventory:

Hand Weapons
 Y - a +0 shortbow (weapon)
Armour
 o - a +0 scale mail (worn)
 p - a +0 pair of gloves (worn)
Jewellery
 b - a ring of fire
 g - a ring of fire
 i - a ring of poison resistance (right hand)
 j - a +4 ring of protection (left hand)
 n - a ring of ice
Potions
 a - 4 potions of curing
 c - a potion of degeneration {unknown}
 d - a potion of enlightenment {unknown}
 e - a potion of haste
 f - a potion of mutation {unknown}
 h - a potion of invisibility {unknown}
 l - a potion of brilliance {unknown}
 m - a potion of heal wounds
 r - a potion of resistance {unknown}

Dungeon Overview and Level Annotations

Branches:
Dungeon (5/15)             Temple (1/1) D:4

Altars:
Ashenzari
Cheibriados
Elyvilon
Fedhas
Gozag
Hepliaklqana
Kikubaaqudgha
Nemelex Xobeh
Okawaru
Qazlal
Ru
Sif Muna
Trog
Uskayaw
Vehumet
Wu Jian
Xom
Yredelemnul
The Shining One

Shops:
D:4 *

Annotations:
D:3 1 runed translucent door, Crazy Yiuf
D:4 2 transporters, qw's ghost, amateur DEHu
D:5 Edmund


Message History

You shoot an arrow. The arrow hits the ogre!
The ogre is severely wounded.
The ogre hits you with a +0 giant club!
You shoot an arrow. The arrow hits the ogre.
You kill the ogre!
Okawaru is honoured by your kill.
Edmund unwields a +2 flail of draining.
Edmund wields a +0 sling.
Edmund shoots a sling bullet.
The sling bullet hits you but does no damage.
The ogre completely misses you.
Your Ranged Weapons skill increases to level 11!
You shoot an arrow. The arrow hits the ogre.
The ogre is moderately wounded.
Edmund says, "You wouldn't believe how much I paid for this flail."
Edmund shoots a sling bullet.
The sling bullet hits you.
You shoot an arrow. The arrow hits the ogre.
The ogre is heavily wounded.
The ogre hits you with a +0 giant spiked club.
Edmund shoots a sling bullet.
The sling bullet barely misses you.
You shoot an arrow. The arrow hits the ogre.
The ogre is heavily wounded.
The ogre hits you but does no damage.
Edmund shoots a sling bullet.
The sling bullet completely misses you.
You shoot an arrow. The arrow barely misses the ogre.
Edmund shoots a sling bullet.
The sling bullet misses you. The ogre hits you but does no damage.
You shoot an arrow. The arrow barely misses the ogre.
Edmund shoots a sling bullet.
The sling bullet hits you but does no damage.
The ogre hits you with a +0 giant spiked club.
You shoot an arrow. The arrow hits the ogre!
The ogre is almost dead.
You shoot an arrow. The arrow hits the ogre.
The ogre is almost dead.
Edmund shoots a sling bullet.
The sling bullet hits you but does no damage.
The ogre hits you with a +0 giant spiked club!!
Ouch! That really hurt!
Edmund shoots a sling bullet.
The sling bullet hits you.
You die...

....#...
.......
#.....
#.@..#
#....#
#....#
#O)..#
#.@..#
##.#.# #.#
# #.# #.#
#.# #.#
#.########
#........#


You could see Edmund and an ogre.

Vanquished Creatures
  2 ogres (D:5)
  A phantom (D:3)
  2 scorpions (D:4)
  3 hounds
  A sleepcap (D:4)
  An iguana (D:4)
  An orc wizard (D:4)
  7 adders
  2 worms (D:2)
  2 dart slugs (D:2)
  6 orcs
  3 ball pythons
  4 endoplasms
  5 giant cockroaches
  4 goblins
  6 hobgoblins
  4 jackals
  4 quokkas
  3 bats
  3 frilled lizards
  8 kobolds
  8 rats
80 creatures vanquished.

Notes
Turn   | Place    | Note
-------+----------+-------------------------------------------
     0 | D:1      | qw the Deep Elf Hunter began the quest for the Orb.
     0 | D:1      | Reached XP level 1. HP: 12/12 MP: 3/3
     0 | D:1      | 0 ||| qw: Version: 0.3-a-22-g0ed2b0b
     0 | D:1      | 0 ||| qw: Game counter: 5151
     0 | D:1      | 0 ||| qw: Melee chars always use a shield: true
     0 | D:1      | 0 ||| qw: God list: Okawaru
     0 | D:1      | 0 ||| qw: Allow faded altars: false
     0 | D:1      | 0 ||| qw: Do Orc after clearing Dungeon:15 true
     0 | D:1      | 0 ||| qw: Do second Lair branch before Depths: true
     0 | D:1      | 0 ||| qw: Lair rune preference: random
     0 | D:1      | 0 ||| qw: Goals: Normal
     0 | D:1      | 0 ||| PLANNING D:1-11
   181 | D:1      | 181 ||| FLEEEEING.
   182 | D:1      | 182 ||| FLEEEEING.
   183 | D:1      | 183 ||| FLEEEEING.
   184 | D:1      | 184 ||| FLEEEEING.
   185 | D:1      | 185 ||| FLEEEEING.
   186 | D:1      | 186 ||| FLEEEEING.
   187 | D:1      | 187 ||| FLEEEEING.
   248 | D:1      | Reached XP level 2. HP: 16/16 MP: 4/4
   278 | D:1      | Reached skill level 6 in Ranged Weapons
   391 | D:1      | Found a faded altar of an unknown god.
   567 | D:1      | 567 ||| UPGRADING to +4 ring of protection.
   568 | D:1      | 568 ||| READING scroll labelled ZEFFYCU AMAY.
   569 | D:1      | 569 ||| READING 2 scrolls labelled IDDACI ITTIEVAMI.
   570 | D:1      | 570 ||| READING scroll labelled PUORAHO DIYGOJ.
   602 | D:1      | 602 ||| DROPPING scroll of butterflies.
   603 | D:1      | 603 ||| DROPPING scroll of poison.
   687 | D:2      | Reached XP level 3. HP: 20/20 MP: 5/5
   870 | D:2      | Reached skill level 7 in Ranged Weapons
  1330 | D:2      | Reached XP level 4. HP: 25/25 MP: 6/6
  1346 | D:2      | 1346 ||| UPGRADING to ring of poison resistance.
  1347 | D:2      | 1347 ||| READING scroll labelled PUTUZYOPHO.
  1348 | D:2      | 1348 ||| DRINKING 5 ruby potions.
  1349 | D:2      | 1349 ||| DRINKING 2 fuming clear potions.
  1454 | D:2      | 1454 ||| DROPPING potion of berserk rage.
  1693 | D:3      | Reached skill level 8 in Ranged Weapons
  1841 | D:3      | Noticed a phantom
  1847 | D:3      | Killed a phantom
  1848 | D:3      | Reached skill level 9 in Ranged Weapons
  1848 | D:3      | Reached XP level 5. HP: 29/29 MP: 7/7
  1967 | D:3      | Found a runed translucent door.
  1968 | D:3      | Noticed Crazy Yiuf
  2440 | D:3      | 2440 ||| UPGRADING to +0 scale mail.
  2450 | D:3      | 2450 ||| DROPPING +0 leather armour.
  2451 | D:3      | 2451 ||| UPGRADING to +0 pair of gloves.
  2456 | D:3      | 2456 ||| READING scroll labelled SARENA MAWITYPS.
  2457 | D:3      | 2457 ||| READING scroll labelled GEDWOE RALAGE.
  2602 | D:4      | Reached skill level 1 in Armour
  2602 | D:4      | Reached XP level 6. HP: 34/34 MP: 8/8
  2793 | D:4      | Found Ycwev's Mayhem Merchandise.
  2909 | D:4      | 2909 ||| Stepping ~*~*~tactically~*~*~ (outnumbered).
  2928 | D:4      | 2928 ||| FLEEEEING.
  2929 | D:4      | 2929 ||| FLEEEEING.
  2930 | D:4      | 2930 ||| FLEEEEING.
  2931 | D:4      | 2931 ||| FLEEEEING.
  2932 | D:4      | 2932 ||| FLEEEEING.
  2933 | D:4      | 2933 ||| FLEEEEING.
  2934 | D:4      | 2934 ||| FLEEEEING.
  2935 | D:4      | 2935 ||| FLEEEEING.
  2936 | D:4      | 2936 ||| FLEEEEING.
  2937 | D:4      | 2937 ||| FLEEEEING.
  2938 | D:4      | 2938 ||| FLEEEEING.
  2939 | D:4      | 2939 ||| FLEEEEING.
  2944 | D:4      | Reached skill level 10 in Ranged Weapons
  3099 | D:4      | Found a staircase to the Ecumenical Temple.
  3100 | D:4      | 3100 ||| PLANNING TEMPLE
  3100 | D:4      | 3100 ||| DRINKING 2 blue potions.
  3101 | D:4      | 3101 ||| DRINKING 2 viscous orange potions.
  3107 | Temple   | Entered the Ecumenical Temple
  3108 | Temple   | 3108 ||| PLANNING OKAWARU WORSHIP
  3297 | Temple   | Became a worshipper of Warmaster Okawaru
  3298 | Temple   | 3298 ||| PLANNING D:1-11
  3349 | D:4      | Found a transporter.
  3349 | D:4      | Noticed qw's ghost (amateur DEHu)
  3355 | D:4      | Found a transporter.
  3622 | D:5      | Entered Level 5 of the Dungeon
  3752 | D:5      | Reached XP level 7. HP: 40/40 MP: 9/9
  3754 | D:5      | Noticed Edmund
  3757 | D:5      | Reached skill level 11 in Ranged Weapons
  3763 | D:5      | HP: 2/40 [ogre/+0 giant spiked club (22)]
  3763 | D:5      | Shot with a sling bullet by Edmund

Levels and vault maps discovered:
D:1:      eino_arrival_water_star, layout_basic,
          hellmonk_ecumenical_altar_crossroads
D:2:      kennysheep_six_static_rooms, layout_basic, grunt_decor_one_mirror,
          due_unseen_surprise
D:3:      layout_basic, uniq_crazy_yiuf_cottage
D:4:      layout_loops_ring, minmay_temple_entry_hall, gammafunk_ghost_smash,
          minmay_shop_mayhem, hangedman_decor_clover_reticule,
          minmay_misc_feat_ornament
D:5:      layout_basic, grunt_ministairs_3, uniq_edmund
Temple:   nicolae_temple_bog_church

Skill      XL: |  1  2  3  4  5  6  7 |
---------------+----------------------+-----
Ranged Weapons | 6 7 9 10 11 | 11.1
Armour         | 1 |  1.5
Fighting       | 2 |  2.0
Dodging        | |  2.8
Stealth        | |  1.2

Action                     |  1- 3 |  4- 6 |  7- 9 || total
---------------------------+-------+-------+-------++-------
   Fire: Shortbow          |   112 |   186 |    12 ||   310
    Use: Scroll            |     3 |     3 |       ||     6
         Potion            |       |     4 |       ||     4
 Armour: Leather armour    |     6 |    14 |       ||    20
         Scale mail        |       |    73 |     5 ||    78
  Dodge: Dodged            |     9 |    68 |     4 ||    81

Table legend:
 A = Non-vault XP
 B = Vault XP
 C = Vault XP percentage of total XP
 D = Non-vault monster count
 E = Vault monster count
 F = Vault count percentage of total count
                 A         B        C        D         E       F
            +---------+---------+-------+---------+---------+-------
      Total |     941 |      15 |   1.6 |      74 |       6 |   7.5
            +---------+---------+-------+---------+---------+-------
        D:1 |      24 |       0 |   0.0 |      17 |       0 |   0.0
        D:2 |      59 |      15 |  20.3 |      19 |       6 |  24.0
        D:3 |     209 |       0 |   0.0 |      17 |       0 |   0.0
        D:4 |     355 |       0 |   0.0 |      17 |       0 |   0.0
        D:5 |     294 |       0 |   0.0 |       4 |       0 |   0.0
            +---------+---------+-------+---------+---------+-------
